General information
			
			
        
        - name: uno
 
        - type: Custom game
 
        - host: o[1]o
 
        - saver: o[1]o
 
        
map: TwistedMeadows 
        - players: 8
 
        - length: 20:14
 
        - speed: Fast
 - version: 1.22 W3XP
 - replay type:  Public
 
» download(136 KB)
Players
        team 1 (winner) 
              
              
o[1]o (
pink | 72 APM | 1460 actions | 20:14)
              
 4 Priestess of the Moon 
 2 Searing Arrows
 2 Trueshot Aura
 
                » actions 
                
                | Assign group hotkey | 16 |  | 
| Build / train | 62 |  | 
| Enter build submenu | 16 |  | 
| Enter hero's abilities submenu | 4 |  | 
| Right click | 1033 |  | 
| Select / deselect | 210 |  | 
| Select group hotkey | 81 |  | 
| Use ability | 38 |  | 
                1460 total
 » units 
                » upgrades
                
                | Moon Armor | 1 |  | 
| Strength of the Moon | 1 |  | 
                2 total
 » buildings
                
                | Altar of Elders | 1 |  | 
| Moon Well | 5 |  | 
| Hunter's Hall | 1 |  | 
| Ancient of War | 3 |  | 
| Ancient Protector | 1 |  | 
| Tree of Life | 4 |  | 
                15 total
 » build order
                00:17 Altar of Elders
00:32 Moon Well
01:31 Hunter's Hall
01:49 Moon Well
02:18 Ancient of War
02:37 Ancient of War
02:47 Moon Well
04:41 Ancient Protector
07:26 Moon Well
08:06 Tree of Life
08:30 Moon Well
10:18 Tree of Life
14:24 Tree of Life
15:52 Ancient of War
16:52 Tree of Life
» items
                
                | Scroll of Town Portal | 2 |  | 
| Scroll of Healing | 2 |  | 
| Scroll of Protection | 2 |  | 
| Potion of Lesser Invulnerability | 1 |  | 
                7 total
  
               
              
              
Visions. (
red | 232 APM | 4696 actions | 20:13)
              
 4 Death Knight 
 2 Death Coil
 2 Unholy Aura
 4 Lich 
 2 Frost Nova
 2 Frost Armor
 3 Crypt Lord 
 2 Impale
 1 Spiked Carapace
 
                » actions 
                
                | Assign group hotkey | 171 |  | 
| Basic commands | 25 |  | 
| Build / train | 80 |  | 
| Enter build submenu | 16 |  | 
| Enter hero's abilities submenu | 11 |  | 
| Give item / drop item | 3 |  | 
| Remove unit from queue | 1 |  | 
| Right click | 1868 |  | 
| Select / deselect | 745 |  | 
| Select group hotkey | 1671 |  | 
| Use ability | 105 |  | 
                4696 total
 » units 
                
                | Acolyte | 2 |  | 
| Ghoul | 1 |  | 
| Crypt Fiend | 20 |  | 
| Frost Wyrm | 10 |  | 
                33 total
 » upgrades
                
                | Creature Attack | 3 |  | 
| Creature Carapace | 3 |  | 
| Web | 1 |  | 
                7 total
 » buildings
                
                | Graveyard | 1 |  | 
| Crypt | 1 |  | 
| Altar of Darkness | 1 |  | 
| Ziggurat | 10 |  | 
| Tomb of Relics | 1 |  | 
| Halls of the Dead | 2 |  | 
| Sacrificial Pit | 1 |  | 
| Black Citadel | 2 |  | 
| Boneyard | 1 |  | 
                20 total
 » build order
                00:07 Graveyard
00:09 Crypt
00:31 Altar of Darkness
00:48 Ziggurat
01:17 Tomb of Relics
01:51 Ziggurat
01:53 Ziggurat
03:39 Halls of the Dead
04:13 Ziggurat
06:07 Sacrificial Pit
06:35 Black Citadel
06:35 Black Citadel
07:08 Ziggurat
08:10 Ziggurat
08:12 Ziggurat
08:14 Ziggurat
08:57 Boneyard
13:09 Ziggurat
19:59 Ziggurat
» items
                
                | Rod of Necromancy | 3 |  | 
| Dust of Appearance | 1 |  | 
| Potion of Mana | 2 |  | 
| Scroll of Protection | 2 |  | 
| Potion of Healing | 1 |  | 
| Orb of Corruption | 1 |  | 
| Scroll of Town Portal | 3 |  | 
| Potion of Lesser Invulnerability | 2 |  | 
| Scroll of Healing | 2 |  | 
                17 total
  
               team 2 (loser) 
              
              
» 
Vote4Duck (
dark-green | 63 APM | 1264 actions | 20:12)
              
 4 Demon Hunter 
 2 Mana Burn
 2 Evasion
 1 Pandaren Brewmaster 
 1 Breath of Fire
 
                » actions 
                
                | Assign group hotkey | 9 |  | 
| Basic commands | 139 |  | 
| Build / train | 52 |  | 
| ESC pressed | 2 |  | 
| Enter build submenu | 16 |  | 
| Enter hero's abilities submenu | 5 |  | 
| Give item / drop item | 1 |  | 
| Remove unit from queue | 2 |  | 
| Right click | 608 |  | 
| Select / deselect | 275 |  | 
| Select group hotkey | 79 |  | 
| Use ability | 76 |  | 
                1264 total
 » units 
                » upgrades
                » buildings
                
                | Altar of Elders | 1 |  | 
| Moon Well | 4 |  | 
| Hunter's Hall | 1 |  | 
| Ancient of War | 3 |  | 
| Ancient of Wonders | 1 |  | 
| Tree of Ages | 1 |  | 
| Ancient of Lore | 3 |  | 
| Tree of Life | 1 |  | 
                15 total
 » build order
                00:10 Altar of Elders
00:14 Moon Well
01:25 Hunter's Hall
01:32 Ancient of War
01:49 Ancient of War
01:51 Ancient of War
02:30 Moon Well
03:55 Moon Well
04:20 Ancient of Wonders
05:15 Tree of Ages
05:56 Moon Well
07:37 Ancient of Lore
07:39 Ancient of Lore
12:01 Ancient of Lore
15:09 Tree of Life
» items
                
                | Boots of Speed | 1 |  | 
| Scroll of Town Portal | 2 |  | 
| Staff of Preservation | 1 |  | 
| Potion of Healing | 4 |  | 
| Potion of Mana | 1 |  | 
| Moonstone | 1 |  | 
| Dust of Appearance | 1 |  | 
                11 total
  
               
              
              
Vote4Vega (
blue | 79 APM | 1590 actions | 20:10)
              
 4 Death Knight 
 2 Death Coil
 2 Unholy Aura
 4 Lich 
 2 Frost Nova
 2 Frost Armor
 3 Crypt Lord 
 2 Impale
 1 Spiked Carapace
 
                » actions 
                
                | Assign group hotkey | 30 |  | 
| Basic commands | 6 |  | 
| Build / train | 61 |  | 
| Enter build submenu | 13 |  | 
| Enter hero's abilities submenu | 11 |  | 
| Give item / drop item | 5 |  | 
| Remove unit from queue | 3 |  | 
| Right click | 547 |  | 
| Select / deselect | 313 |  | 
| Select group hotkey | 518 |  | 
| Use ability | 83 |  | 
                1590 total
 » units 
                
                | Acolyte | 5 |  | 
| Ghoul | 2 |  | 
| Crypt Fiend | 11 |  | 
| Obsidian Statue | 5 |  | 
| Abomination | 1 |  | 
                24 total
 » upgrades
                
                | Creature Attack | 1 |  | 
| Burrow | 1 |  | 
| Destroyer Form | 1 |  | 
| Web | 1 |  | 
                4 total
 » buildings
                
                | Graveyard | 1 |  | 
| Crypt | 1 |  | 
| Altar of Darkness | 1 |  | 
| Ziggurat | 5 |  | 
| Tomb of Relics | 1 |  | 
| Nerubian Tower | 0 |  | 
| Halls of the Dead | 1 |  | 
| Slaughterhouse | 1 |  | 
| Black Citadel | 1 |  | 
| Spirit Tower | 3 |  | 
                15 total
 » build order
                00:09 Graveyard
00:12 Crypt
00:42 Altar of Darkness
00:49 Ziggurat
01:05 Tomb of Relics
02:04 Ziggurat
03:12 Nerubian Tower
04:07 Halls of the Dead
04:20 Ziggurat
05:34 Ziggurat
07:12 Slaughterhouse
07:52 Black Citadel
09:08 Ziggurat
15:14 Spirit Tower
15:30 Spirit Tower
17:22 Spirit Tower
» items
                
                | Rod of Necromancy | 3 |  | 
| Potion of Mana | 1 |  | 
| Dust of Appearance | 1 |  | 
| Potion of Lesser Invulnerability | 1 |  | 
| Scroll of Town Portal | 3 |  | 
| Orb of Corruption | 1 |  | 
| Scroll of Protection | 1 |  | 
                11 total
  
               observerskirkokirko_b, 
n.mushroom, 
HallowKitty, 
SoranheaIer Chat log
          (00:38 / Allies) o[1]o: for real
(00:39 / Allies) o[1]o: trina
(00:40 / Allies) o[1]o: is so ew
(00:41 / Allies) o[1]o: sometim*es
(00:44 / Allies) Visions.: duh]
(01:14 / Allies) o[1]o: potm or dh hrmm
(01:18 / Allies) Visions.: scout
(01:51 / Allies) o[1]o: dual ud
(01:52 / Allies) o[1]o: i think
(02:16 / All) Vote4Duck: lol
(02:26 / Allies) Visions.: mostly feed
(02:28 / Allies) Visions.: hunts will be useless
(02:31 / Allies) o[1]o: k
(02:38 / Allies) o[1]o: its
(02:41 / Allies) o[1]o: ne ud
(02:49 / Allies) Visions.: i know
(02:55 / Allies) o[1]o: how will hunts be useless
(03:06 / Allies) Visions.: because
(03:15 / Allies) Visions.: if you have more hunts
(03:17 / Allies) Visions.: they will get raped
(03:45 / Allies) o[1]o: dh
(03:46 / All) Vote4Duck: CLOSE
(03:48 / All) Vote4Duck: BUT NO CIGAR
(03:48 / All) o[1]o: yea
(03:49 / All) o[1]o: :/
(05:03 / All) Vote4Duck: fail
(07:14 / Allies) o[1]o: they're there
(08:41 / All) Vote4Duck: tp go
(09:15 / All) Vote4Duck: lol
(10:58 / Allies) o[1]o: hit it
(11:00 / Allies) o[1]o: then lets out
(11:29 / Allies) Visions.: out
(11:52 / Allies) o[1]o: one boneyard?
(12:12 / Allies) Visions.: gold
(13:19 / Allies) o[1]o: counter this
(14:16 / All) Vote4Duck: mass more kidds
(14:33 / All) o[1]o: ?
(15:31 / Allies) Visions.: tp
(15:34 / Allies) o[1]o: tp?
(15:37 / Allies) o[1]o: go
(16:23 / All) Visions.: gg
(17:22 / Allies) o[1]o: islands
(18:54 / All) Visions.: waste more time
(18:58 / All) Vote4Duck: stfu dude
(18:59 / All) Vote4Duck: rofl
(19:01 / All) Visions.: out
(19:02 / All) o[1]o: ?
(19:04 / All) Vote4Duck: out?
(19:05 / All) Vote4Duck: rofl
(19:11 / All) o[1]o: manners everyone
(19:13 / All) Vote4Duck: if you cant kill 3 towers you dont desreve to play
(19:15 / All) o[1]o: i mean shit we'll rematch
(20:06 / All) Vote4Vega: gg
(20:06 / All) Vote4Duck: ROFL
(20:10 / All) Vote4Duck: wow
(20:12 / All) Vote4Duck: nice maphack